[Event "Early-Titled-Tuesday-Blitz-November-28-2023"]
[Site "Chess.com"]
[Date "2023.11.28"]
[Round "11"]
[White "amanjazu"]
[Black "campochess"]
[Result "1-0"]
[WhiteElo "2365"]
[BlackElo "2219"]
[TimeControl "180+1"]
[EndTime "10:11:59 PST"]
[Termination "amanjazu won by resignation"]

1. e4 c5 2. Nc3 Nc6 3. g3 g6 4. Bg2 Bg7 5. d3 d6 6. Be3 Nf6 7.
h3 Nd7 8. Qd2 h5 9. Nge2 b5 10.
Nxb5 Rb8 11. a4 a6 12. Nbc3 Rxb2 13. O-O O-O 14. Rfb1 Rxb1+ 15. Rxb1 Nd4 16. Nd5 e6 17. Ndf4 e5 18. Nd5 Nxe2+ 19. Qxe2 Nf6 20. Bg5 Be6 21. Nb6 Qc7 22. a5 Nh7 23. Bd2 Rb8 24. c4 Nf8 25.
Qd1 Nd7 26. Na4 Rxb1 27. Qxb1 Bf6 28. Kh2 Bd8 29. Bf3 Nf8 30. Bd1 Nh7 31. Nb6 Qe7 32. Nd5 Bxd5 33. cxd5 f5 34. Bb3 Qf6 35. Kg2 f4 36.
Bc4 Ng5 37. Qf1 Qf7 38. h4 f3+ 39. Kh2 Nh7 40. Bxa6 Nf6 41. Bc8 Ng4+ 42. Bxg4 hxg4 43. Qb1 g5 44. Qb8 Qf8 45. Bxg5 Bxg5 46. Qxf8+ Kxf8 47. hxg5 1-0

[Event "Early-Titled-Tuesday-Blitz-November-28-2023"]
[Site "Chess.com"]
[Date "2023.11.28"]
[Round "11"]
[White "Nf3c5"]
[Black "Quattroporte300"]
[Result "0-1"]
[WhiteElo "2488"]
[BlackElo "2420"]
[TimeControl "180+1"]
[EndTime "10:12:00 PST"]
[Termination "Quattroporte300 won on time"]

1. d4 g6 2. Nf3 Bg7 3. e4 d6 4. Bc4 Nf6 5. Qe2 O-O 6. e5 dxe5 7. dxe5 Nd5 8. h3 c6 9. O-O Qc7 10. Qe4 Bf5 11. Qh4 Bxe5 12. Nxe5 Qxe5 13. Bh6 Re8 14. Nd2 Qf6 15. Bg5 Qxb2 16. Bxd5 cxd5 17. Bxe7 Nc6 18.
Bf6 Qb4 19. Qg5 Qf8 20. c4 h6 21.
Qh4 d4 22. Rfe1 g5 23. Qg3 Re6 24. Rxe6 fxe6 25. Be5 Nxe5 26. Qxe5 Rd8 27. g4 Bg6 28. Qxe6+ Qf7 29. Qxf7+ Kxf7 30. Re1 Bd3 31. f3 Rc8 32. Rc1 b5 33. c5 b4 34. Kf2 a5 35. Nb3 a4 36.
Nxd4 Ke7 37. Ke3 Ba6 38. c6 Kd6 39. Nf5+ Kc7 40. Nxh6 Re8+ 41. Kd4 Re2 42. Rb1 Rxa2 43. Rxb4 a3 44. Ra4 Bb5 45. Ra5 Kxc6 46. Kc3 Rf2 47. Kb4 Rxf3 0-1

[Event "Early-Titled-Tuesday-Blitz-November-28-2023"]
[Site "Chess.com"]
[Date "2023.11.28"]
[Round "11"]
[White "falzehope0"]
[Black "jaskol95"]
[Result "0-1"]
[WhiteElo "2381"]
[BlackElo "2554"]
[TimeControl "180+1"]
[EndTime "10:12:01 PST"]
[Termination "jaskol95 won by checkmate"]

1. d4 d5 2. e3 Nf6 3. Bd3 c5 4. c3 Nc6 5. f4 Bg4 6. Ne2 e6 7. Nd2 Bd6 8. O-O Qe7 9. Nf3 Ne4 10. Bxe4 dxe4 11. Ng5 f5 12. Qe1 h6 13. Nh3 Bxh3 14.
gxh3 g5 15. Kh1 O-O-O 16. b3 Kb8 17. Bb2 Rhg8 18. a3 Qf7 19. c4 Qh5 20. Ng1 cxd4 21. fxg5 hxg5 22. exd4 g4 23. Qe2 Qh7 24. d5 gxh3 25.
Nxh3 Qxh3 26. dxc6 Bxh2 27. Qxh2+ Qxh2+ 28. Kxh2 Rd2+ 29.
Kh3 Rxb2 30. cxb7 Kxb7 31. Rab1 Rd2 32. Rbd1 Rd3+ 33. Rxd3 exd3 34. Rd1 Rd8 35. Kg3 e5 36. Kf3 Kc6 37. Ke3 e4 38. b4 Kd6 39. Kd4 Ke6+ 40. Kc3 Ke5 41. c5 f4 42. b5 f3 43. c6 f2 44. a4 e3 45. c7 Rc8 46. Kxd3 Kf4 47. Ke2 Rxc7 48. Rd4+ Ke5 49. Rd1 Ke4 50. Rb1 Rc2+ 51.
Kf1 Kf3 52. Rb3 Rc1# 0-1

[Event "Early-Titled-Tuesday-Blitz-November-28-2023"]
[Site "Chess.com"]
[Date "2023.11.28"]
[Round "11"]
[White "Rud_Makarian"]
[Black "Hikaru"]
[Result "0-1"]
[WhiteElo "3008"]
[BlackElo "3219"]
[TimeControl "180+1"]
[EndTime "10:12:02 PST"]
[Termination "Hikaru won by checkmate"]

1. d4 g6 2. c4 Bg7 3. Nf3 c5 4.
d5 b5 5. cxb5 a6 6. bxa6 Nf6 7. Nc3 Bxa6 8. e4 Bxf1 9. Kxf1 d6 10. g3 O-O 11. Kg2 Qb6 12. a4 Na6 13.
Nd2 Nb4 14. Qe2 Nc2 15. Ra2 Nd4 16. Qd3 Nd7 17. Nc4 Qa6 18. Rd1 Rfb8 19. Bg5 Rb4 20.
Na3 Qb7 21. Qb1 Nb6 22. Nc2 Rb3 23. Nxd4 cxd4 24. Qc2 Rb4 25. a5 Nc4 26. Ne2 Nxb2 27. Rxd4 Bxd4 28. Nxd4 Rxd4 29. Rxb2 Qd7 30. Be3 Ra4 31.
Bb6 Rc8 32. Qd3 Rcc4 33. a6 Rcb4 34. Rxb4 Rxb4 35. a7 Ra4 36. Qc2 Kf8 37. Qb2 f6 38. Qc2 Kf7 39. h4 h5 40. Qb3 Ra6 41. Qc4 Qa4 42.
Qc8 Qxe4+ 43. Kh2 Ra1 44. f3 Qe2+ 45. Kh3 Rh1# 0-1

[Event "Early-Titled-Tuesday-Blitz-November-28-2023"]
[Site "Chess.com"]
[Date "2023.11.28"]
[Round "11"]
[White "Ramla2020"]
[Black "zeitnotakrobat"]
[Result "1-0"]
[WhiteElo "2537"]
[BlackElo "2400"]
[TimeControl "180+1"]
[EndTime "10:12:02 PST"]
[Termination "Ramla2020 won on time"]

1. c4 f5 2. g3 Nf6 3. Bg2 g6 4. Nc3 Bg7 5. d4 d6 6. h4 O-O 7. Nh3 c6 8. d5 e5 9. dxe6 Bxe6 10. Bf4 Bxc4 11. Qxd6 Qxd6 12. Bxd6 Re8 13. O-O-O Nbd7 14. Nf4 Ne5 15. b3 Bf7 16. Rd2 Nfg4 17. e3 Nc4 18.
bxc4 Bxc3 19. Rc2 Bf6 20. Rd1 Rad8 21. c5 Rd7 22. Bf3 Ne5 23. Be2 Red8 24. Kb1 Kg7 25.
Kc1 h6 26. Nh3 Bd5 27. Nf4 Bf7 28. Nd3 Nc4 29. Nf4 Nxd6 30. Rcd2 Be5 31. cxd6 Rxd6 32.
Nd3 Bf6 33. a3 b6 34. Bf3 c5 35. Nf4 Rxd2 36. Rxd2 Rxd2 37. Kxd2 Bb2 38. a4 Be8 39. Bd1 Be5 40. Nd3 Bc7 41. Bb3 Bc6 42. Nf4 Bxf4 43. gxf4 a6 44. Kc3 b5 45. axb5 axb5 46. Be6 Kf6 47.
Bc8 Ke7 48. h5 gxh5 49. Bxf5 Kf6 50. Bh3 Bd5 51. Kd3 b4 52. e4 Bf7 53. e5+ Ke7 54.
f5 c4+ 55. Kd4 c3 56. f6+ Kf8 57. Bf5 Bb3 58. Ke3 Bc4 59. e6 b3 60. e7+ 1-0

[Event "Early-Titled-Tuesday-Blitz-November-28-2023"]
[Site "Chess.com"]
[Date "2023.11.28"]
[Round "11"]
[White "baki83"]
[Black "rasmussvane"]
[Result "1-0"]
[WhiteElo "2833"]
[BlackElo "2970"]
[TimeControl "180+1"]
[EndTime "10:12:03 PST"]
[Termination "baki83 won on time"]

1. e4 c6 2. Nf3 d5 3. e5 Bf5 4.
Nd4 Qc8 5. Nxf5 Qxf5 6. d4 Qc8 7.
c3 e6 8. Bd3 c5 9. O-O Nc6 10.
Be3 Nge7 11. Nd2 cxd4 12. cxd4 Nf5 13. Rc1 Qd7 14. Nf3 Be7 15. a3 O-O 16. Rc3 Rac8 17. Qc2 h6 18. Rc1 Rc7 19. b4 a6 20. Bxa6 bxa6 21. Rxc6 Rxc6 22. Qxc6 Qxc6 23. Rxc6 Nxe3 24.
fxe3 Ra8 25. Rc7 Bf8 26. Nd2 a5 27. b5 Bxa3 28. b6 Bf8 29. b7 Rb8 30. Nb3 a4 31.
Nc1 a3 32. Na2 Kh7 33. Rxf7 Kg6 34. Rc7 Kf5 35. Kf2 g5 36. h3 h5 37. Kf3 g4+ 38.
hxg4+ hxg4+ 39. Kf2 Bh6 40. Ke2 Kg6 41. Nc3 Kf5 42. Na2 Bg5 43. Kd3 g3 44. Ke2 Bh6 45. Kf3 Bg5 46. Nb4 Kg6 47. e4 dxe4+ 48. Kxe4 Bd2 49.
Na2 Ba5 50. Re7 Kg5 51. d5 exd5+ 52. Kxd5 Kf4 53. e6 Ke3 54. Rf7 Bd8 55. Kc6 Bg5 56. Rf3+ 1-0

[Event "Early-Titled-Tuesday-Blitz-November-28-2023"]
[Site "Chess.com"]
[Date "2023.11.28"]
[Round "11"]
[White "luckyswitchback"]
[Black "defenceboy"]
[Result "1/2-1/2"]
[WhiteElo "2816"]
[BlackElo "2873"]
[TimeControl "180+1"]
[EndTime "10:12:04 PST"]
[Termination "Game drawn - insufficient material"]

1. e4 c6 2. Nf3 d5 3. d3 dxe4 4. dxe4 Qxd1+ 5. Kxd1 g6 6. Ne5 Nd7 7. Nd3 e5 8. f3 f6 9. Nd2 Nc5 10. Nxc5 Bxc5 11. Bc4 Ke7 12. a4 Be6 13. c3 Rd8 14.
Bxe6 Kxe6 15. Kc2 Ne7 16. Nc4 Nc8 17. b4 Be7 18. Be3 Rd7 19. Rad1 Rhd8 20. Na5 Nb6 21. Rxd7 Rxd7 22. Bxb6 axb6 23. Nc4 Bd8 24. Rb1 f5 25. b5 fxe4 26. fxe4 Rc7 27. Rd1 cxb5 28. Nxb6 Rc6 29. Rxd8 Rxb6 30. axb5 Rxb5 31. Re8+ Kf6 32. Rb8 Ke6 33. g4 h6 34. Rh8 Kf6 35. h4 Kg7 36. Rb8 Kf6 37. Kd3 Rb1 38. Rh8 Rg1 39. Rxh6 Rxg4 40.
h5 Kg7 41. Rxg6+ Rxg6 42. hxg6 Kxg6 43. Kc4 Kg5 44. Kd5 Kf4 45. c4 b6 46. Kc6 Kxe4 47.
Kxb6 Kd3 48. c5 e4 49. c6 e3 50. c7 e2 51. c8=Q e1=Q 52. Qd7+ Ke2 53. Qe6+ Kd1 54.
Qxe1+ Kxe1 1/2-1/2

[Event "Early-Titled-Tuesday-Blitz-November-28-2023"]
[Site "Chess.com"]
[Date "2023.11.28"]
[Round "11"]
[White "Alexander_Donchenko"]
[Black "MITerryble"]
[Result "1-0"]
[WhiteElo "2923"]
[BlackElo "2961"]
[TimeControl "180+1"]
[EndTime "10:12:09 PST"]
[Termination "Alexander_Donchenko won by resignation"]

1. Nf3 Nf6 2. g3 b6 3. Bg2 Bb7 4. O-O g6 5. d4 Bg7 6. c4 e6 7. Nc3 Ne4 8. Nxe4 Bxe4 9. Bg5 Qc8 10. Qd2 h6 11. Bf4 d6 12. h4 Nd7 13. Rad1 Nf6 14. c5 Qd7 15. cxd6 cxd6 16. Qb4 Bf8 17. Qa3 Nd5 18. Bd2 Bg7 19. e3 Qb7 20. Qxd6 Rd8 21. Qa3 g5 22. h5 Nf6 23. Ne1 Bxg2 24. Nxg2 Nxh5 25. Rc1 Nf6 26. Rc2 Bf8 27. Qa4+ Qd7 28. Qa6 Bd6 29. Qd3 O-O 30. Bc3 Bb8 31. e4 e5 32. d5 Qh3 33. Ne3 Bd6 34. b4 Rfe8 35.
Be1 Rc8 36. Nf5 Bf8 37. f3 g4 38. Rh2 Rc1 39. Rxh3 gxh3 40. Bd2 h2+ 41. Kxh2 Rxf1 42. Qxf1 Rc8 43. Qd3 Rc7 44. Bxh6 Bxb4 45. Bg5 Nd7 46. d6 Rc3 47. Qb5 Rc2+ 48. Kh3 Nf8 49. Qxb4 Ne6 50.
Bh4 Rc1 51. d7 Rd1 52. Qe7 Rd2 53. Qe8+ Kh7 54. Qxf7+ 1-0

[Event "Early-Titled-Tuesday-Blitz-November-28-2023"]
[Site "Chess.com"]
[Date "2023.11.28"]
[Round "11"]
[White "Viacheslav92"]
[Black "KNVB"]
[Result "0-1"]
[WhiteElo "2561"]
[BlackElo "2712"]
[TimeControl "180+1"]
[EndTime "10:12:09 PST"]
[Termination "KNVB won by resignation"]

1. e4 e5 2. Nf3 Nc6 3. Bb5 Qf6 4.
Nc3 Bd6 5. d3 Nge7 6. a3 h6 7.
Be3 Nd4 8. Bc4 Nxf3+ 9. Qxf3 Qxf3 10. gxf3 c6 11. Ne2 Bc7 12. O-O-O d5 13. Bb3 Bh3 14. Rhg1 d4 15. Bd2 g5 16. Ng3 f6 17.
Nh5 Rf8 18. Bb4 Kd7 19. Bxe7 Kxe7 20. Ng7 Rh8 21. Nf5+ Kd7 22. Rde1 Ba5 23. Rd1 h5 24. Rg3 Bxf5 25. exf5 h4 26. Rgg1 b5 27. h3 Kd6 28.
Kb1 Bb6 29. Be6 a5 30. Rc1 a4 31. Rge1 Ba5 32. Re2 Rhb8 33. c3 dxc3 34. bxc3 Ra7 35. Ka2 c5 36. Rb2 Rab7 37. Rbb1 b4 38. cxb4 cxb4 39.
axb4 Rxb4 40. Rxb4 Bxb4 41. Rc2 a3 42. Bb3 Bc5 43.
Be6 Rb6 44. Bc4 Rb7 45. Bb3 Rb8 46. Be6 Rb4 47. Bb3 Rf4 48. Bc4 Rxf3 49. Kb3 Rxf5 50. Ka4 Rxf2 51. Rc3 Rb2 52. Rb3 Rxb3 53. Kxb3 f5 54. Kc3 g4 55. Kd2 gxh3 0-1

[Event "Early-Titled-Tuesday-Blitz-November-28-2023"]
[Site "Chess.com"]
[Date "2023.11.28"]
[Round "11"]
[White "NovozhilovSemen"]
[Black "Shuvalov"]
[Result "1/2-1/2"]
[WhiteElo "2707"]
[BlackElo "2583"]
[TimeControl "180+1"]
[EndTime "10:12:10 PST"]
[Termination "Game drawn by repetition"]

1. d4 Nf6 2. Nf3 g6 3. Nc3 Bg7 4. e4 d5 5. e5 Ne4 6. h3 c5 7.
Bd3 cxd4 8. Nxe4 dxe4 9. Bxe4 Bxe5 10. Nxe5 Qa5+ 11. c3 Qxe5 12. Qxd4 Qxd4 13. cxd4 Nc6 14. Be3 Bd7 15. O-O O-O-O 16. d5 Ne5 17. Bxa7 Bb5 18. Rfc1+ Kd7 19. Bd4 f6 20. Rd1 Rc8 21. f4 Nf7 22. b3 Nd6 23. Bf3 Rc2 24. Bg4+ Kd8 25. Rdc1 Rd2 26.
Bb6+ Ke8 27. Be6 Bd7 28. Rd1 Re2 29. Re1 Rd2 30. a4 Bxe6 31. dxe6 Kf8 32. Rac1 Kg7 33. Rc7 Re8 34. Bc5 f5 35. Bxd6 Rxd6 36. Rxb7 Kf6 37. a5 Rc8 38. Re2 Rc1+ 39. Kh2 Ra1 40. b4 Rd4 41. Rf2 h6 42. Rb6 g5 43. fxg5+ hxg5 44. g3 Rdd1 45. Re2 Rh1+ 46. Kg2 Rag1+ 47. Kf2 Rf1+ 48.
Kg2 Rhg1+ 49. Kh2 Rh1+ 50. Kg2 Rhg1+ 51. Kh2 Rh1+ 52. Kg2 1/2-1/2

[Event "Early-Titled-Tuesday-Blitz-November-28-2023"]
[Site "Chess.com"]
[Date "2023.11.28"]
[Round "11"]
[White "elohunter1999"]
[Black "alexrustemov"]
[Result "1-0"]
[WhiteElo "2759"]
[BlackElo "2853"]
[TimeControl "180+1"]
[EndTime "10:12:12 PST"]
[Termination "elohunter1999 won on time"]

1. c4 c5 2. g3 g6 3. Bg2 Bg7 4. Nc3 Nc6 5. d3 Bxc3+ 6. bxc3 b6 7. h4 h6 8. Nh3 Bb7 9. h5 g5 10. f4 g4 11. Nf2 f5 12. e4 e6 13. d4 Na5 14. d5 Kf7 15. e5 Ne7 16. Kf1 Nxc4 17.
dxe6+ dxe6 18. Bxb7 Qxd1+ 19. Nxd1 Rad8 20. Ke2 Rd7 21.
Ba6 Na5 22. Bb5 Rdd8 23. Ne3 Ra8 24. Rd1 Rhd8 25. Bd2 a6 26. Bd3 b5 27. Be1 Nac6 28. Bc2 a5 29. a4 b4 30. Rxd8 Rxd8 31. Rd1 Rb8 32. Nc4 Nd5 33. Bxf5 bxc3 34. Bg6+ Ke7 35. Bf2 Nd4+ 36. Bxd4 cxd4 37. Rxd4 Rb4 38. f5 exf5 39.
Bxf5 Nb6 40. Kd3 c2 41. Kxc2 Rxc4+ 42. Kd3 Rxd4+ 43. Kxd4 Nxa4 44. Bxg4 Nb6 45. Bd1 a4 46.
g4 Ke6 47. g5 hxg5 48. h6 Kf7 49. e6+ Kf6 50. h7 Kg7 51. h8=Q+ Kxh8 52. e7 Kg7 53. e8=Q 1-0

[Event "Early-Titled-Tuesday-Blitz-November-28-2023"]
[Site "Chess.com"]
[Date "2023.11.28"]
[Round "11"]
[White "PawnEatingZombie"]
[Black "Pastore1978"]
[Result "0-1"]
[WhiteElo "2180"]
[BlackElo "2342"]
[TimeControl "180+1"]
[EndTime "10:12:12 PST"]
[Termination "Pastore1978 won on time"]

1. e4 e6 2. Nf3 d5 3. e5 c5 4. b4 d4 5. bxc5 Bxc5 6. Bd3 Nc6 7. O-O Nge7 8. Re1 Ng6 9. Na3 O-O 10. Nc4 a6 11. a4 Nb4 12. Bf1 Rb8 13. a5 Bd7 14. Ba3 Bb5 15. c3 dxc3 16. dxc3 Qxd1 17. Rexd1 Nc2 18. Bxc5 Rfc8 19. Bd6 Bxc4 20. Bxc4 Nxa1 21. Rxa1 Ra8 22. Ra4 Nf4 23. Kf1 Nd5 24. Bxd5 exd5 25. Ra3 Rc4 26. Ke2 Rac8 27. Kd3 f6 28. exf6 gxf6 29. Nd4 Kf7 30. Bb4 R4c7 31. Ra2 h5 32.
Re2 Rg8 33. g3 h4 34. Nf5 hxg3 35. hxg3 Rh8 36. Nd6+ Kg6 37. Kd4 Rch7 38. Kxd5 Rh1 39. Nc4 Rd1+ 40. Kc5 Rc8+ 41. Kb6 Rxc4 42. Kxb7 Rg4 43.
Kxa6 Ra1 44. Kb5 f5 45. Re6+ Kf7 46. Rb6 Rg8 47. a6 Re8 48. Rb7+ Ke6 49. a7 Rd8 50.
Bc5 Ra8 0-1

[Event "Early-Titled-Tuesday-Blitz-November-28-2023"]
[Site "Chess.com"]
[Date "2023.11.28"]
[Round "11"]
[White "mortngabriel"]
[Black "GothamChess"]
[Result "0-1"]
[WhiteElo "2497"]
[BlackElo "2653"]
[TimeControl "180+1"]
[EndTime "10:12:13 PST"]
[Termination "GothamChess won on time"]

1. e4 d5 2. exd5 Qxd5 3. Nc3 Qa5 4. d4 Nf6 5. Bc4 Bf5 6. Bd2 c6 7. Qe2 e6 8. O-O-O Bb4 9. a3 Be7 10. Nf3 Qc7 11. Ne5 b5 12. Bxb5 cxb5 13. Qf3 O-O 14.
Qxa8 b4 15. axb4 Bxb4 16. Qf3 Rc8 17. Rhe1 Qa5 18. Kb1 Nd5 19. Re3 Nxe3 20. fxe3 Qc7 21. g4 Bg6 22. h4 f6 23. Nxg6 hxg6 24. Qe4 Qf7 25. Rh1 Nc6 26. h5 gxh5 27. gxh5 Bxc3 28. Bxc3 Ne7 29. Bd2 Nf5 30. Qg4 Kh7 31. c3 a5 32.
e4 Nd6 33. Qf4 Rd8 34. Rg1 Qb7 35. e5 Qe4+ 36. Qxe4+ Nxe4 37. exf6 Nxd2+ 38. Kc2 Ne4 39. fxg7 Nf6 40. Kd3 Nxh5 41. g8=Q+ Rxg8 42. Re1 Ng7 43. Re4 Rb8 44. Re5 Rxb2 45. Rxa5 Kg6 46. c4 Kf6 47. c5 Rb3+ 48. Ke4 Nf5 49. Ra1 Re3+ 50. Kf4 Rd3 51.
Ra4 Rxd4+ 52. Rxd4 Nxd4 53. Ke4 Nc6 0-1

[Event "Early-Titled-Tuesday-Blitz-November-28-2023"]
[Site "Chess.com"]
[Date "2023.11.28"]
[Round "11"]
[White "mbojan"]
[Black "TRadjabov"]
[Result "1-0"]
[WhiteElo "2876"]
[BlackElo "3004"]
[TimeControl "180+1"]
[EndTime "10:12:15 PST"]
[Termination "mbojan won by checkmate"]

1. Nf3 b6 2. g3 Bb7 3. Bg2 e6 4. O-O Nf6 5. d3 Be7 6. Nbd2 d6 7.
c3 Nbd7 8. Re1 h5 9. h4 Ng4 10. e4 g5 11. hxg5 Bxg5 12. Nxg5 Qxg5 13. Nf3 Qg7 14.
Nh4 O-O-O 15. Qe2 Rdg8 16. a4 a6 17. Bd2 Nde5 18. d4 Ng6 19. Bg5 Nf8 20. Bd2 f6 21. Bh3 Ng6 22. Nxg6 Qxg6 23. f3 f5 24. fxg4 Bxe4 25.
g5 Kd7 26. c4 Qg7 27. d5 h4 28. dxe6+ Ke7 29. g4 Qe5 30. Qe3 Qg3+ 31. Qxg3 hxg3 32. gxf5 Bc6 33. f6+ Kf8 34. Bg2 Bxg2 35. Kxg2 Rh2+ 36. Kxg3 Rxd2 37. e7+ Ke8 38. Kf4 Rf2+ 39. Ke3 Rf5 40. Rg1 Kf7 41. Rae1 c5 42. Kd3 Ke8 43. Re6 d5 44. Rxb6 dxc4+ 45. Kc2 Kf7 46. Rd6 Rf2+ 47.
Kb1 c3 48. Rd8 Rxb2+ 49. Kc1 Ra2 50. Rxg8 Ra1+ 51. Kc2 Rxg1 52. e8=Q# 1-0

[Event "Early-Titled-Tuesday-Blitz-November-28-2023"]
[Site "Chess.com"]
[Date "2023.11.28"]
[Round "11"]
[White "Alexei_Gubajdullin"]
[Black "brm72"]
[Result "0-1"]
[WhiteElo "2663"]
[BlackElo "2546"]
[TimeControl "180+1"]
[EndTime "10:12:15 PST"]
[Termination "brm72 won on time"]

1. d4 Nf6 2. Nf3 e6 3. Bf4 d6 4. e3 g6 5. Be2 Bg7 6. O-O O-O 7.
h3 Nbd7 8. Nbd2 Re8 9. Bh2 e5 10. c3 e4 11. Ne1 Nf8 12. Nc2 d5 13. c4 dxc4 14. Nxc4 Be6 15. Rc1 c6 16. b4 Bxc4 17. Bxc4 N8d7 18. a3 Nb6 19. Na1 Nxc4 20. Rxc4 Nd5 21.
Nb3 Qg5 22. Na5 Re7 23. Qg4 Qxg4 24. hxg4 f5 25. a4 a6 26. Rb1 fxg4 27. Nb3 h5 28.
Nc5 h4 29. Bd6 Rf7 30. Nxe4 Re8 31. Nc5 g3 32. fxg3 Nxe3 33. Rcc1 hxg3 34. Bxg3 Bxd4 35. Bf2 Ref8 36. Nd3 Rxf2 37. Nxf2 Ng4 38. Rc4 Bxf2+ 39. Kh1 Rf5 40. g3 Rh5+ 41. Kg2 Ne3+ 42. Kxf2 Nxc4 43. g4 Rh2+ 44. Kg3 Ra2 45. b5 Rxa4 46. bxc6 bxc6 47. Rb7 Ne5 48. g5 Rg4+ 49. Kh3 Rxg5 50. Ra7 Rf5 51. Kh4 Rf7 52. Rxa6 Kg7 53. Kg5 Rf5+ 54.
Kh4 Kf6 55. Rb6 Rf4+ 56. Kg3 Rc4 57. Rb8 Kf5 58. Rf8+ Kg5 59. Re8 Rc3+ 60. Kg2 Kf4 61. Rf8+ Kg4 62. Re8 Rc2+ 63. Kf1 Kf4 64. Rf8+ Ke4 65.
Re8 c5 66. Re6 c4 67. Re8 c3 68. Ke1 g5 69. Kd1 Rd2+ 70. Kc1 Rf2 0-1

[Event "Early-Titled-Tuesday-Blitz-November-28-2023"]
[Site "Chess.com"]
[Date "2023.11.28"]
[Round "11"]
[White "RobertJFischer71"]
[Black "Mistango"]
[Result "1/2-1/2"]
[WhiteElo "2637"]
[BlackElo "2489"]
[TimeControl "180+1"]
[EndTime "10:12:17 PST"]
[Termination "Game drawn by stalemate"]

1. e4 c5 2. Nf3 d6 3. d4 cxd4 4.
Nxd4 Nf6 5. Nc3 a6 6. h3 Nc6 7. g4 g6 8. Be3 Nxd4 9. Bxd4 Bh6 10.
Rg1 e5 11. Bxe5 dxe5 12. Qxd8+ Kxd8 13. g5 Bg7 14. gxf6 Bxf6 15. O-O-O+ Ke8 16. Nd5 Bd8 17. Rh1 Be6 18. Bc4 b5 19. Bb3 Rb8 20. Kb1 Bb6 21. Nxb6 Rxb6 22. Bxe6 Rxe6 23. Rd5 f6 24. Rhd1 Kf7 25. Rd7+ Re7 26. R1d6 a5 27. Rxe7+ Kxe7 28. Ra6 Rd8 29. Kc1 a4 30. Rb6 f5 31. Rxb5 Kf6 32. Rb4 g5 33. exf5 Kxf5 34. Rxa4 h5 35. Ra7 h4 36. a4 Rh8 37. Rf7+ Ke4 38. Kd2 g4 39. Ke2 gxh3 40. f3+ Kd4 41. Kf2 Rg8 42. Rh7 Rg2+ 43.
Kf1 Rxc2 44. Rxh4+ Ke3 45. Rxh3 Rxb2 46. Rh5 Kxf3 47.
Rxe5 Rb1+ 48. Re1 Rxe1+ 49. Kxe1 Ke4 50. Kd2 Kd5 51. Kc3 Kc6 52. Kb3 Kb7 53. Kb4 Ka7 54. Kb5 Kb7 55. a5 Ka7 56. a6 Ka8 57. Kb6 Kb8 58.
a7+ Ka8 59. Ka6 1/2-1/2

[Event "Early-Titled-Tuesday-Blitz-November-28-2023"]
[Site "Chess.com"]
[Date "2023.11.28"]
[Round "11"]
[White "Alexchess1984"]
[Black "chesstrainer2042"]
[Result "1-0"]
[WhiteElo "2708"]
[BlackElo "2533"]
[TimeControl "180+1"]
[EndTime "10:12:17 PST"]
[Termination "Alexchess1984 won on time"]

1. e4 c5 2. c3 Nf6 3. e5 Nd5 4.
Bc4 Nb6 5. Bb3 d6 6. exd6 Qxd6 7. Nf3 Nc6 8. O-O Bf5 9. d4 e6 10. Na3 a6 11. Be3 cxd4 12. Nxd4 Nxd4 13. Bxd4 O-O-O 14. Qf3 Qc7 15. Rfd1 h5 16. h3 Bg6 17. Nc2 Rg8 18. Ne3 Bc5 19. a4 Kb8 20. a5 Nc8 21. Nc4 Bxd4 22.
cxd4 Na7 23. Rac1 Nc6 24. Nb6 Nxd4 25. Qe3 Nc6 26. Rxd8+ Rxd8 27. Ba4 Rd6 28. b4 Qd8 29. Bxc6 Rxc6 30. Rxc6 bxc6 31. Qe5+ Kb7 32. Qxg7 Qd1+ 33.
Kh2 Qd6+ 34. g3 Qxb4 35. Qe5 Qd2 36. Kg2 h4 37. gxh4 Qd3 38. f3 Qd2+ 39. Kg3 Qd1 40.
Qe3 Bf5 41. Nc4 Qf1 42. Qb6+ Kc8 43. Qxc6+ Kd8 44. Qd6+ Ke8 45. Qb8+ Ke7 46. Qc7+ Kf8 47. Qd8+ Kg7 48. Qg5+ Kf8 49. Ne3 1-0

[Event "Early-Titled-Tuesday-Blitz-November-28-2023"]
[Site "Chess.com"]
[Date "2023.11.28"]
[Round "11"]
[White "Alen_Yeremyann"]
[Black "DanylaBagrov"]
[Result "1-0"]
[WhiteElo "2779"]
[BlackElo "2590"]
[TimeControl "180+1"]
[EndTime "10:12:18 PST"]
[Termination "Alen_Yeremyann won on time"]

1. e4 Nc6 2. g3 d5 3. Bg2 dxe4 4. Bxe4 Nf6 5. Bg2 e5 6. Ne2 Bc5 7. O-O O-O 8. d3 Bg4 9. h3 Bh5 10. Nbc3 Nd4 11. g4 Bg6 12. Nxd4 Bxd4 13. Ne2 Bc5 14. Be3 Bxe3 15. fxe3 c6 16. Rb1 Qa5 17. a3 Rad8 18. Qe1 Qc5 19. Nc3 Nd5 20. Nxd5 cxd5 21. Qf2 Rc8 22.
Rbc1 b5 23. Kh1 Rfd8 24. d4 Qe7 25. c3 Bd3 26. Rfd1 e4 27. Rd2 Rc6 28. Qg3 Rg6 29. Bf1 Bc4 30. Bxc4 bxc4 31. Rf2 h5 32. Rcf1 Rf8 33.
Rf5 hxg4 34. hxg4 Rh6+ 35. Kg2 Qb7 36. R1f2 Qb3 37. g5 Rg6 38. Qg4 Qb7 39. Kg1 Qd7 40. Rh2 f6 41. Rg2 Rf7 42. Rf4 fxg5 43. Qxd7 Rxd7 44.
Rf5 Kh7 45. Kh2 Rh6+ 46. Kg3 Rg6 47. Kg4 Rb6 48. Rxg5 Rdd6 49. Rh2+ Kg8 50. Re5 Rg6+ 51. Kf4 Rgf6+ 52. Rf5 Kf7 53. Rxf6+ Kxf6 54. Rf2 g5+ 55. Kg4+ Kg6 56. Rf8 Rxb2 57. Rd8 Rb3 58. Rd6+ Kf7 59. Kxg5 Rxc3 60. Kf4 Rxa3 61. Rxd5 c3 62. Kxe4 Ke6 63. Rc5 Kd6 64. Kd3 c2+ 65. Kd2 c1=Q+ 66. Rxc1 Kd5 67. Rc3 Ra2+ 68. Kd3 Ra1 69. e4+ Kd6 70. e5+ Ke6 71. Rc6+ Kd7 72. Rd6+ Ke7 73. Ke4 Ra2 74. Rh6 a5 75.
Kd5 a4 76. Rh7+ Kf8 77. Ra7 a3 78. e6 Ra1 79. Kd6 a2 80. d5 1-0

[Event "Early-Titled-Tuesday-Blitz-November-28-2023"]
[Site "Chess.com"]
[Date "2023.11.28"]
[Round "11"]
[White "Ginzburg_Yakov"]
[Black "Der_Balak_3Halak"]
[Result "0-1"]
[WhiteElo "2602"]
[BlackElo "2355"]
[TimeControl "180+1"]
[EndTime "10:12:19 PST"]
[Termination "Der_Balak_3Halak won by resignation"]

1. e4 c5 2. c3 Nf6 3. e5 Nd5 4. d4 cxd4 5. Nf3 Nc6 6. Bc4 e6 7. cxd4 d6 8. Bxd5 exd5 9. O-O dxe5 10. Nxe5 Be6 11. Nxc6 bxc6 12. Qa4 Qd7 13. b3 Bd6 14.
Ba3 O-O 15. Nc3 Rac8 16. Qa5 Bc7 17. Qa6 Rfe8 18. Na4 Bf5 19. Rfe1 h5 20. Qf1 h4 21. Rxe8+ Rxe8 22. Re1 Bd3 23. Rxe8+ Qxe8 24. Qd1 Bc2 25.
Qd2 Bf4 26. Qc3 Qe2 27. Bb4 Be4 28. Nc5 Qd1+ 29. Qe1 Qxd4 30. Nxe4 Qxe4 31. Qxe4 dxe4 32. a4 a6 33. Kf1 f5 34. Be7 Bxh2 35. Bxh4 Bd6 36.
Bd8 Kf7 37. Ke2 Ke6 38. Ba5 Kd5 39. Bc3 g5 40. Bf6 g4 41. Kd2 f4 42. Bg5 f3 43.
gxf3 gxf3 44. Kc3 Be5+ 45. Kd2 Bh2 46. Be3 Bc7 47. Kc3 c5 48. Bg5 Ba5+ 49. Kc2 Be1 50. Be3 a5 51. Kd1 Bb4 52. Kc2 c4 53. Bf4 cxb3+ 54. Kxb3 Bc5 55. Bg3 e3 56. fxe3 Bxe3 57. Kc2 f2 58. Bxf2 Bxf2 59. Kd3 Bd4 60. Kc2 Kc4 0-1

[Event "Early-Titled-Tuesday-Blitz-November-28-2023"]
[Site "Chess.com"]
[Date "2023.11.28"]
[Round "11"]
[White "millenium19"]
[Black "Matols"]
[Result "0-1"]
[WhiteElo "2467"]
[BlackElo "2381"]
[TimeControl "180+1"]
[EndTime "10:12:19 PST"]
[Termination "Matols won by resignation"]

1. e4 c6 2. d4 d5 3. Nd2 dxe4 4. Nxe4 Nf6 5. Nxf6+ exf6 6. c3 Bd6 7. Bd3 O-O 8. Qc2 Re8+ 9. Ne2 h5 10. O-O Nd7 11. Bf4 Rxe2 12. Qxe2 Bxf4 13. Qe4 Bxh2+ 14. Kxh2 Nf8 15. Rae1 Qd6+ 16. g3 Be6 17. c4 Rd8 18. Rd1 Ng6 19. b3 h4 20. Bb1 b5 21. Qe2 bxc4 22.
bxc4 Rb8 23. d5 cxd5 24. cxd5 Bd7 25. Rfe1 Ne5 26. f4 Ng4+ 27. Kh1 hxg3 28. Kg2 Qxf4 29.
Rd3 Qf2+ 30. Qxf2 gxf2 31. Rh1 Bb5 32. Rb3 f1=Q+ 33. Rxf1 Bxf1+ 34. Kxf1 Rxb3 35. axb3 Kf8 36. Ke2 Ke7 37. Kd3 Kd6 38. Kd4 Ne5 39. Bf5 g5 40. Ke4 Kc5 41. Bc8 a5 42. Bb7 Kd6 43. Bc8 g4 44.
Bf5 g3 45. Bh3 Kc5 46. Bg2 Kb4 47. d6 Kxb3 48. Kf5 Kc4 49. Kxf6 Nd7+ 50. Ke7 Nb6 51.
Kxf7 Kc5 52. Ke7 a4 53. Bh3 a3 54. d7 Nxd7 55. Kxd7 a2 0-1